AoeStats
← mbf2210

Hideout

510264960Analyzed
1v1 RM · 19h ago on Sep 30, 2026· 24m 44s· 2 players
Game mode
Random Map
Map size
Tiny (2 player)
Population
200
Speed
Normal
Resources
Standard
Victory
Conquest
Starting age
Dark Age
Ending age
Imperial Age
RankedLock teamsTeams togetherTeam positionsShared explorationLock speedFull tech treeHidden civsTurbo modeCheats
Victory
Defeat
🇬🇧 Saracens · United Kingdom
1032
+14
🇪🇸 Huns · Spain
982
-14
GuptaTheFigher
4:51 Loom
10:53 Feudal Age
12:18 Double-Bit Axe
18:37 Castle Age
17:37 Fletching
19:19 Bodkin Arrow
20:15 Crossbowman
mbf2210
7:21 Loom
9:49 Feudal Age
17:40 Wheelbarrow
25:11 Castle Age
Connection lost

Rejoining the realm…

Still unreachable

The connection could not be restored.

Session expired

The server has moved on; the page needs a fresh start.